 Dungeon Crawl Stone Soup version 0.19-a0-944-gb338e1e (webtiles) character file.

59 mistymad the Shooter (level 3, 0/31 HPs)
             Began as a Centaur Hunter on July 9, 2016.
             Succumbed to an adder's poison
             ... on level 2 of the Dungeon.
             The game lasted 00:03:57 (1570 turns).

mistymad the Shooter (Centaur Hunter)               Turns: 1570, Time: 00:03:58

Health: 0/31       AC:  4    Str: 19    XL:     3   Next: 78%
Magic:  3/3        EV:  9    Int: 10    God:
Gold:   36         SH:  0    Dex: 10    Spells: 0 memorised, 2 levels left

rFire  . . .     SeeInvis .     q - +1 shortbow
rCold  . . .     Gourm    .     c - +0 leather armour
rNeg   . . .     Faith    .     (shield currently unavailable)
rPois  .         Spirit   .     (no helmet)
rElec  .         Dismiss  .     (no cloak)
rCorr  .         Reflect  .     (no gloves)
SustAt .         Harm     .     (no barding)
MR     .....                    (no amulet)
Stlth  +.........               (no ring)
                                (no ring)

@: mighty, lethally poisoned (0 -> -2), very quick, not resistant to hostile
enchantments, very unstealthy
A: hooves 3, deformed body, speed 2, tough skin 3
a: no special abilities


You were on level 2 of the Dungeon.
You were not hungry.

You visited 1 branch of the dungeon, and saw 2 of its levels.

You collected 36 gold pieces.

Inventory:

Hand Weapons
 e - a +2 short sword of holy wrath
 q - a +1 shortbow (weapon)
Missiles
 d - 18 arrows (quivered)
Armour
 c - a +0 leather armour (worn)
Jewellery
 m - an uncursed ring of stealth {unknown}
Scrolls
 g - 2 scrolls of identify {unknown}
 h - a scroll of magic mapping {unknown}
 j - a scroll of recharging {unknown}
 l - a scroll of teleportation {unknown}
 n - 2 scrolls of amnesia {unknown}
Potions
 b - a potion of magic
Comestibles
 f - a bread ration


   Skills:
 + Level 3.2 Fighting
 + Level 6.3 Bows
 - Level 1.3 Dodging
 - Level 0.5 Stealth


You had 2 spell levels left.
You didn't know any spells.

Dungeon Overview and Level Annotations

Branches:
Dungeon (2/15)

Altars:


Innate Abilities, Weirdness & Mutations

You have hooves in place of feet.
Armour fits poorly on your strangely shaped body.
You cover ground very quickly.
You have extremely tough skin. (AC +3)


Message History

You feel sick.
You take 1 damage, and have 3/31 hp.
* * * LOW HITPOINT WARNING * * *
You feel sick.
You take 1 damage, and have 2/31 hp.
* * * LOW HITPOINT WARNING * * *
You feel sick.
There is a stone staircase leading up, spattered with blood here.
You see here 2 stones.
You take 1 damage, and have 1/31 hp.
There is a stone staircase leading up, spattered with blood here.
You see here 2 stones.
There is a stone staircase leading up, spattered with blood here.
You see here 2 stones.
* * * LOW HITPOINT WARNING * * *
You feel sick.
There is a stone staircase leading up, spattered with blood here.
You see here 2 stones.
You take 1 damage, and have 1/31 hp.
You die...

#..........##........#
.(....................
.....................#
#..#########.........#
#..# #.......(#########
#..# #.#####..8.8.8.8.#
#... #.............#
...# #.#..........(#
#..# ####..<....@.....#
.........(............#
########...........#
#..)8.8.8.8.#
#.....#########
#.##.... #.......##
#......># .....####


There were no monsters in sight!

Vanquished Creatures
  An adder (D:2)
  An ooze (D:1)
  A worm (D:2)
  A dart slug (D:1)
  A giant gecko (D:2)
  A giant cockroach (D:1)
  7 goblins
  3 hobgoblins (D:1)
  6 jackals
  A quokka (D:2)
  3 giant newts (D:1)
  9 kobolds
  4 rats
39 creatures vanquished.

Notes
Turn   | Place    | Note
-------+----------+-------------------------------------------
     0 | D:1      | mistymad the Centaur Hunter began the quest for the Orb.
     0 | D:1      | Reached XP level 1. HP: 17/17 MP: 1/1
   415 | D:1      | Reached XP level 2. HP: 12/24 MP: 2/2
   957 | D:1      | Reached skill level 6 in Bows
  1055 | D:1      | Reached XP level 3. HP: 17/30 MP: 3/3
  1559 | D:2      | HP: 1/31 [poisoned by an adder]
  1565 | D:2      | HP: 1/31 [poisoned by an adder]
  1570 | D:2      | Succumbed to an adder's poison

Vault maps used:
D:1:      eino_arrival_druids_welcome, minmay_tetromino_l2
D:2:      kennysheep_the_goblin_king

Skill      XL: |  1  2  3 |
---------------+----------+-----
Bows           | 6 |  6.3
Fighting       | 3 |  3.2
Dodging        | |  1.3
Stealth        | |  0.5

Action                   || total
-------------------------++-------
Melee: Short sword       ||   113
       Kick              ||    23
 Fire: Shortbow          ||     3
  Use: Potion            ||     3
  Eat: Chunk             ||     1
Armor: Leather armour    ||    58
Dodge: Dodged            ||    69
